 Dungeon Crawl Stone Soup version 0.22-a0-409-gb855193 (webtiles) character file.

100 nikopol the Firebug (level 4, -5/24 HPs)
             Began as a Deep Elf Fire Elementalist on May 10, 2018.
             Slain by a gnoll
             ... wielding a +0 whip
              (6 damage)
             ... on level 2 of the Dungeon.
             The game lasted 00:06:07 (1642 turns).

nikopol the Firebug (Deep Elf Fire Elementalist)    Turns: 1642, Time: 00:06:08

Health: -5/24      AC:  2    Str:  5    XL:     4   Next: 47%
Magic:  0/11       EV: 13    Int: 21    God:
Gold:   62         SH:  0    Dex: 15    Spells: 7/10 levels left

rFire    . . .     SeeInvis .   (no weapon)
rCold    . . .     Gourm    .   (no shield)
rNeg     . . .     Faith    .   a - +0 robe
rPois    .         Spirit   .   (no helmet)
rElec    .         Reflect  .   (no cloak)
rCorr    .         Harm     .   (no gloves)
MR       .....                  (no boots)
Stlth    ++........             (no amulet)
HPRegen  0.08/turn              (no ring)
MPRegen  0.12/turn              (no ring)

@: lethally poisoned (-5 -> -7), flying
A: no striking features
a: no special abilities


You were on level 2 of the Dungeon.
You were not hungry.

You visited 1 branch of the dungeon, and saw 2 of its levels.

You collected 62 gold pieces.

Inventory:

Armour
 a - a +0 robe (worn)
Jewellery
 k - a +1 ring of protection {unknown}
Scrolls
 b - a scroll of remove curse {unknown}
 e - 2 scrolls of noise {unknown}
 g - 4 scrolls of random uselessness {unknown}
 h - a scroll of teleportation {unknown}
 m - 3 scrolls of identify {unknown}
 o - a scroll of magic mapping {unknown}
Potions
 d - a potion of heal wounds {unknown}
 i - a potion of might {unknown}
 j - a potion of curing {unknown}
 l - a potion of flight
 n - a potion of haste {unknown}
 p - a potion of resistance {unknown}
Comestibles
 c - 4 rations
 f - 5 chunks of flesh


   Skills:
 + Level 0.1 Fighting
 + Level 3.0 Dodging
 + Level 2.6 Stealth
 + Level 3.7 Spellcasting
 + Level 2.8 Conjurations
 + Level 4.2 Fire Magic


You had 7 spell levels left.
You knew the following spells:

 Your Spells              Type           Power        Failure   Level  Hunger
a - Flame Tongue          Conj/Fire      ###..        2%          1    None
b - Throw Flame           Conj/Fire      ###...       4%          2    ##.....


Dungeon Overview and Level Annotations

Branches:
Dungeon (2/15)

Altars:


Message History

Confirm with . or Enter, or press ? or * to list all spells.
Aiming: Flame Tongue (safe; 2% risk of failure)
Press: ? - help, Shift-Dir - straight line, f/p - gnoll
Aim: a gnoll, wielding a whip (lightly wounded)
The flame tongue hits the gnoll.
The gnoll is moderately wounded.
The gnoll hits you with a whip.
Casting: Flame Tongue (safe; 2% risk of failure)
Confirm with . or Enter, or press ? or * to list all spells.
Aiming: Flame Tongue (safe; 2% risk of failure)
Press: ? - help, Shift-Dir - straight line, f/p - gnoll
Aim: a gnoll, wielding a whip (moderately wounded)
The flame tongue hits the gnoll.
The gnoll is almost dead.
You feel sick. The gnoll hits you with a whip!
* * * LOW HITPOINT WARNING * * *
It was a potion of flight.
You feel very buoyant.
You fly up into the air.
The gnoll hits you with a whip.
You die...

### #.# ####### ....
#.# #......
.....###.# #.#####
..g..†g..# #.# #
.....##..## #.#####
..w. ##...## #.##...
g.. #....g#######
#.##.## ##
##.[..wg.wg.#
#.##(## ##.#######@#
#.##.## #.# #.#
#...... #.# #.#
#.....# #+#
###.##### #.....#
#.......# #.....#
#.#.###.# ##...##
#.#.#.#.# ##.##.
#.#.....########.#..
+...................


You could see 2 worms and 3 gnolls.

Vanquished Creatures
  Jessica (D:2)
  4 adders (D:2)
  A dart slug (D:1)
  A leopard gecko (D:1)
  A giant cockroach (D:2)
  2 goblins (D:1)
  7 hobgoblins
  3 jackals (D:1)
  A ball python (D:1)
  4 bats
  5 frilled lizards
  5 kobolds
  4 rats
39 creatures vanquished.

Notes
Turn   | Place    | Note
-------+----------+-------------------------------------------
     0 | D:1      | nikopol the Deep Elf Fire Elementalist began the quest for the Orb.
     0 | D:1      | Reached XP level 1. HP: 10/10 MP: 6/6
   367 | D:1      | Reached XP level 2. HP: 15/15 MP: 2/8
   974 | D:1      | Reached skill level 4 in Fire Magic
  1002 | D:1      | Learned a level 2 spell: Throw Flame
  1053 | D:1      | Reached XP level 3. HP: 19/19 MP: 6/10
  1607 | D:2      | Noticed Jessica
  1613 | D:2      | Killed Jessica
  1613 | D:2      | Reached XP level 4. HP: 24/24 MP: 7/11
  1639 | D:2      | HP: 1/24 [gnoll/whip (7)]
  1642 | D:2      | Slain by a gnoll

Vault maps used:
D:1:      lemuel_arrival_muddy, serial_bayou_lake_a
D:2:      grunt_temple_overflow_open, uniq_jessica

Skill      XL: |  1  2  3 |
---------------+----------+-----
Fire Magic     | 4 |  4.2
Dodging        | 3 |  3.0
Conjurations   | 2 |  2.8
Fighting       | |  0.1
Stealth        | |  2.6
Spellcasting   | |  3.7

Action                   |  1- 3 |  4- 6 || total
-------------------------+-------+-------++-------
Melee: Unarmed           |     1 |       ||     1
 Cast: Flame Tongue      |    71 |    11 ||    82
       Throw Flame       |     1 |       ||     1
  Use: Potion            |       |     1 ||     1
  Eat: Chunk             |     2 |       ||     2
Armor: Robe              |     5 |     1 ||     6
Dodge: Dodged            |    17 |     6 ||    23

Table legend:
 A = Spawn XP
 B = Non-spawn XP
 C = Spawn XP percentage of total XP
 D = Spawn monster count
 E = Non-spawn monster count
 F = Spawn count percentage of total count
 G = Total turns spent on level
                    A         B        C        D         E        F      G
               +---------+---------+-------+---------+---------+-------+---------
         Total |       0 |     144 |   0.0 |       0 |      39 |   0.0 |  1642
               +---------+---------+-------+---------+---------+-------+---------
           D:1 |       0 |      45 |   0.0 |       0 |      27 |   0.0 |  1335
           D:2 |       0 |      99 |   0.0 |       0 |      12 |   0.0 |   307
               +---------+---------+-------+---------+---------+-------+---------
